 Dungeon Crawl Stone Soup version 0.22.1-2-g9c5b331383 (webtiles) character file.

52262 Ihlosi the Fighter (level 15, -19/96 HPs)
             Began as a Kobold Gladiator on Dec 1, 2018.
             Was the Champion of Kikubaaqudgha.
             Killed from afar by a thorn hunter (29 damage)
             ... with a volley of thorns
             ... on level 2 of the Swamp.
             The game lasted 01:35:43 (24676 turns).

Ihlosi the Fighter (Kobold Gladiator)              Turns: 24676, Time: 01:35:43

Health: -19/96     AC: 15    Str: 19    XL:     15   Next: 5%
Magic:  33/33      EV: 23    Int:  9    God:    Kikubaaqudgha [******]
Gold:   1275       SH:  0    Dex: 24    Spells: 14/26 levels left

rFire    + . .     SeeInvis .   a - +5 long sword (slice)
rCold    + . .     Gourm    .   (shield restricted)
rNeg     + . .     Faith    .   D - +4 ring mail {rPois}
rPois    +         Spirit   .   A - +0 helmet of Fun {rN+}
rElec    +         Reflect  .   C - scarf {rC+ rF+}
rCorr    .         Harm     .   X - +2 pair of gloves {Dex+3}
MR       +....                  h - +0 pair of boots
Stlth    ++........             l - amulet of the acrobat
HPRegen  0.26/turn              M - ring "Haerrof" {Wiz rElec rPois}
MPRegen  0.23/turn              e - ring of magical power

@: mighty, hasted, drained, quick
A: small, carnivore, subdued magic 1
a: Receive Corpses, Torment, Renounce Religion


You were on level 2 of the Swamp.
You worshipped Kikubaaqudgha.
Kikubaaqudgha was exalted by your worship.
You were full.

You visited 3 branches of the dungeon, and saw 19 of its levels.
You also visited: Labyrinth and Ice Cave.

You collected 1275 gold pieces.

Inventory:

Hand Weapons
 a - a +5 long sword of slicing (weapon)
 m - a +2 falchion of electrocution
 r - a +0 blowgun
 Q - a +2 eveningstar of protection
Missiles
 d - 3 throwing nets (quivered)
 t - 25 poisoned needles
 B - 128 bolts
 W - 16 curare-tipped needles
Armour
 h - a +0 pair of boots (worn)
 A - the +0 helmet of Fun (worn) {rN+}
   (You found it on level 6 of the Dungeon)

   It protects you from negative energy.
 C - a scarf of resistance (worn)
 D - a +4 ring mail of poison resistance (worn)
 X - a +2 pair of gloves of dexterity (worn)
Jewellery
 c - an uncursed ring of positive energy
 e - a ring of magical power (right hand)
 g - the ring "Gajoypse" {Dex+4 Stlth+, unknown}
   (You found it on level 2 of the Swamp)

   [ring of stealth]

   It affects your dexterity (+4).
   It makes you more stealthy.
 j - an uncursed ring of see invisible
 l - an amulet of the acrobat (around neck)
 q - a +2 ring of strength
 v - an uncursed ring of fire
 w - an uncursed amulet of harm
 M - the ring "Haerrof" (left hand) {Wiz rElec rPois}
   (You took it off an orc wizard on level 8 of the Dungeon)

   [ring of wizardry]

   It improves your spell success rate.
   It insulates you from electricity.
   It protects you from poison.
 R - an uncursed ring of protection from cold
Wands
 n - a wand of flame (47)
 u - a wand of random effects (108)
 y - a wand of iceblast (12)
 z - a wand of polymorph (15)
 S - a wand of paralysis (20)
 V - a wand of digging (2)
Scrolls
 k - 5 scrolls of remove curse
 I - a scroll of amnesia
 P - a scroll of silence
 T - a scroll of fog
Potions
 i - 4 potions of curing
 o - 4 potions of brilliance
 x - a potion of mutation
 F - a potion of ambrosia
 G - 5 potions of flight
 H - a potion of resistance
 Z - a potion of might
Comestibles
 f - 18 rations


   Skills:
 * Level 12.1(11.0) Fighting
 * Level 11.3(10.2) Long Blades
 - Level 2.1(1.3) Throwing
 * Level 5.6(4.6) Armour
 * Level 11.1(10.0) Dodging
 * Level 9.7(8.6) Stealth
 - Level 6.0(5.0) Spellcasting
 * Level 9.7(8.6) Necromancy
 - Level 9.0(7.9) Evocations


You had 14 spell levels left.
You knew the following spells:

 Your Spells              Type           Power        Failure   Level  Hunger
a - Pain                  Necr           ##..         1%          1    #......
b - Vampiric Draining     Necr           ##........   1%          3    ###....
c - Conjure Flame         Conj/Fire      #.......     38%         3    ###....
d - Dispel Undead         Necr           ##......     12%         5    ######.

Your spell library contained the following spells:

 Spells                   Type           Power        Failure   Level  Hunger
 Animate Skeleton         Necr           N/A          1%          1    #......
 Corpse Rot               Necr           N/A          1%          2    ##.....
 Sublimation of Blood     Necr           ##........   1%          2    ##.....
 Animate Dead             Necr           N/A          4%          4    #####..
 Regeneration             Chrm/Necr      #.........   7%          3    ###....
 Apportation              Tloc           #.....       14%         1    #......
 Confusing Touch          Hex            #.....       14%         1    #......
 Corona                   Hex            #......      14%         1    #......
 Flame Tongue             Conj/Fire      #....        14%         1    #......
 Freeze                   Ice            #...         14%         1    #......
 Infusion                 Chrm           #...         14%         1    #......
 Summon Butterflies       Summ           #.......     14%         1    #......
 Summon Small Mammal      Summ           #...         14%         1    #......
 Call Imp                 Summ           #.......     21%         2    ##.....
 Ensorcelled Hibernation  Hex/Ice        #.....       21%         2    ##.....
 Shroud of Golubria       Chrm/Tloc      #.........   21%         2    ##.....
 Song of Slaying          Chrm           #.......     21%         2    ##.....
 Throw Flame              Conj/Fire      #.....       21%         2    ##.....
 Throw Frost              Conj/Ice       #.....       21%         2    ##.....
 Call Canine Familiar     Summ           #.......     38%         3    ###....
 Confuse                  Hex            #.......     38%         3    ###....
 Dazzling Spray           Conj/Hex       #.....       38%         3    ###....
 Ignite Poison            Fire/Tmut/Pois #.......     38%         3    ###....
 Inner Flame              Hex/Fire       #.......     38%         3    ###....
 Lesser Beckoning         Tloc           #.........   38%         3    ###....
 Ozocubu's Armour         Chrm/Ice       #.......     38%         3    ###....
 Spectral Weapon          Hex/Chrm       #.......     38%         3    ###....
 Summon Guardian Golem    Hex/Summ       #.......     38%         3    ###....
 Tukima's Dance           Hex            #.......     38%         3    ###....
 Borgnjor's Vile Clutch   Necr/Erth      #.........   52%         5    ######.
 Excruciating Wounds      Chrm/Necr      #.........   52%         5    ######.
 Death Channel            Necr           ##........   52%         6    #######
 Sticky Flame             Conj/Fire      #.......     78%         4    #####..
 Summon Ice Beast         Ice/Summ       #.......     78%         4    #####..
 Summon Lightning Spire   Summ/Air       #.......     78%         4    #####..
 Throw Icicle             Conj/Ice       #.......     78%         4    #####..
 Alistair's Intoxication  Tmut/Pois      #.......     98%         5    ######.
 Bolt of Magma            Conj/Fire/Erth #.........   98%         5    ######.
 Fireball                 Conj/Fire      #.........   98%         5    ######.
 Lee's Rapid Deconstruct  Erth           #.........   98%         5    ######.
 Bolt of Fire             Conj/Fire      #.........   100%        6    #######
 Invisibility             Hex            #.......     100%        6    #######
 Iron Shot                Conj/Erth      #.........   100%        6    #######
 Haunt                    Necr/Summ      #.........   100%        7    #######
 Ring of Flames           Chrm/Fire      #.........   100%        7    #######
 Borgnjor's Revivificati  Necr           ##........   100%        8    #######
 Death's Door             Chrm/Necr      #.........   100%        8    #######
 Ignition                 Fire           #.........   100%        8    #######
 Infestation              Necr           ##........   100%        8    #######
 Necromutation            Tmut/Necr      #.........   100%        8    #######


Dungeon Overview and Level Annotations

Branches:
Dungeon (11/15)            Temple (0/1) D:7            Lair (6/6) D:8
  Swamp (2/4) Lair:2        Snake (0/4) Lair:4        Slime (0/5) Lair:5
    Orc (0/2) D:11

Altars:
Cheibriados
Dithmenos
Gozag
Kikubaaqudgha
Makhleb
Qazlal
Sif Muna
Wu Jian
Xom
The Shining One
Jiyva

Shops:
D:7 *(

Annotations:
D:4 2 transporters, Ihlosi's ghost, amateur KoGl
D:11 exclusion: tengu warrior


Innate Abilities, Weirdness & Mutations

You are small and have problems with some larger weapons.
You are carnivorous and can eat meat at any time.
Your spells are a little easier to cast, but a little less powerful.


Message History

Okay, then.
You slash the thorn hunter!
The thorn hunter is heavily damaged.
You slash the thorn hunter!
The thorn hunter is heavily damaged.
The thorn hunter gestures.
You slash the thorn hunter!
The thorn hunter is severely damaged.
The thorn hunter hits you!
* * * LOW HITPOINT WARNING * * *
The thorn hunter completely misses you.
You hit the thorn hunter.
The thorn hunter is severely damaged.
The briar patch crumbles away.
You slash the thorn hunter!
The thorn hunter is almost destroyed.
The thorn hunter fires a volley of thorns at you.
The volley of thorns hits you!
You die...
Kikubaaqudgha rasps: "You have failed me!
Welcome... death!" ≈≈..... ♣PPP≈≈♣ ♣PPP≈≈♣ ..≈≈≈♣♣ P≈PPP

♣♣ ♣.PP P.≈ ♣≈≈♣
PP≈≈ ♣$@♣♣♣PPP≈≈
♣♣♣f≈PPPP≈≈
♣♣♣♣♣♣.≈P♣PP..
♣♣♣♣♣♣♣♣(..♣..?♣♣ .
♣.P...§.≈≈.≈≈.≈♣
♣♣PP≈P..≈≈♣♣..♣.P.≈
♣♣P..........♣P≈≈≈≈
♣PPP≈≈.≈≈.†≈≈..≈≈≈≈
♣≈PP.♣♣....≈.≈≈.P≈≈≈


You could see a thorn hunter.

Vanquished Creatures
  A frost giant (IceCv)
  2 entropy weavers (Lair:4)
  A minotaur (Lab)
  Josephine (Lair:5)
  Harold (D:7)
  A catoblepas (Lair:5)
  A hydra (Lair:5)
  A rakshasa (D:8)
  A two-headed ogre (D:8)
  An alligator (Swamp:2)
  12 death yaks
  A queen ant (Lair:4)
  2 ugly things (D:11)
  5 black mambas
  Maurice (D:11)
  An ice statue (IceCv)
  8 spiny frogs
  5 rime drakes
  A centaur skeleton (D:10)
  A kobold demonologist (D:8)
  4 komodo dragons
  A merfolk (D:10)
  3 tyrant leeches
  2 hornets (Swamp:2)
  16 polar bears (IceCv)
  4 bog bodies
  7 hippogriffs
  10 blink frogs
  2 wyverns
  5 wraiths (Lair:5)
  34 yaks
  7 vampire mosquitoes
  4 nagas
  3 swamp worms
  4 wargs (D:11)
  16 soldier ants (Lair:4)
  8 water moccasins
  8 porcupines
  9 orc warriors
  10 ice beasts
  A sky beast (D:9)
  A swamp drake (Swamp:1)
  3 phantoms
  19 wolves
  An eye of draining (D:6)
  A tengu (D:7)
  4 centaurs
  4 ogres
  4 crocodiles
  6 bullfrogs
  A scorpion (D:7)
  2 killer bees (D:8)
  A wight (D:8)
  2 electric eels (Lair:2)
  A howler monkey (D:9)
  A bullfrog zombie (D:5)
  4 crimson imps
  A quasit (D:8)
  5 hounds
  16 orc wizards
  8 orc priests
  A centaur zombie (D:9)
  A jelly (D:11)
  3 iguanas
  23 worker ants
  2 hell rats (D:8)
  A killer bee zombie (D:10)
  A hound skeleton (D:8)
  2 worker ant zombies
  10 adders
  18 gnolls
  6 shadow imps
  An adder zombie (D:8)
  2 worms (D:2)
  A dart slug (D:4)
  3 leopard geckos
  37 orcs
  4 giant cockroaches
  2 goblins
  4 hobgoblins
  7 jackals
  10 quokkas
  A ball python (D:1)
  3 bats
  2 frilled lizards (D:2)
  4 kobolds
  2 leopard gecko skeletons
  19 rats
461 creatures vanquished.

Vanquished Creatures (others)
  A spiny frog (Swamp:2)
  A spriggan (Swamp:2)
  A swamp drake (Swamp:2)
  An orc priest (D:6)
  An orc (D:6)
  11 fungi
  5 plants
21 creatures vanquished.

Grand Total: 482 creatures vanquished

Notes
Turn   | Place    | Note
-------+----------+-------------------------------------------
     0 | D:1      | Ihlosi the Kobold Gladiator began the quest for the Orb.
     0 | D:1      | Reached XP level 1. HP: 12/12 MP: 1/1
    29 | D:1      | Reached XP level 2. HP: 11/17 MP: 2/2
   733 | D:2      | Reached XP level 3. HP: 22/22 MP: 3/3
  1025 | D:2      | Reached skill level 1 in Stealth
  1231 | D:2      | Found a shimmering altar of Xom.
  1232 | D:2      | Found a snail-covered altar of Cheibriados.
  1232 | D:2      | Found an ancient bone altar of Kikubaaqudgha.
  1232 | D:2      | Found an opulent altar of Gozag.
  1232 | D:2      | Found an ornate altar of the Wu Jian Council.
  1234 | D:2      | Found a glowing golden altar of the Shining One.
  1235 | D:2      | Found a burning altar of Makhleb.
  1243 | D:2      | Became a worshipper of Kikubaaqudgha
  1408 | D:3      | Reached skill level 1 in Armour
  1408 | D:3      | Reached XP level 4. HP: 16/27 MP: 4/4
  2081 | D:3      | Reached skill level 3 in Fighting
  2081 | D:3      | Reached XP level 5. HP: 14/32 MP: 5/5
  2265 | D:3      | You fall through a shaft for 3 floors!
  2533 | D:6      | Reached XP level 6. HP: 26/37 MP: 6/6
  2719 | D:6      | Reached * piety under Kikubaaqudgha
  2719 | D:6      | Identified Kikubaaqudgha's Catalogue of Stolen Souls
                  | (Kikubaaqudgha gifted it to you on level 6 of the Dungeon)
  2719 | D:6      | Received a gift from Kikubaaqudgha
  2729 | D:6      | Reached skill level 5 in Dodging
  3040 | D:6      | Noticed an ogre
  3075 | D:6      | Noticed a slave
  3174 | D:6      | Noticed Pikel
  3175 | D:6      | Noticed Pikel
  3175 | D:6      | Pikel changed into Pikel the eye of draining
  3177 | D:6      | Noticed a slave
  3179 | D:6      | Noticed a slave
  3186 | D:6      | Killed Pikel the eye of draining
  3191 | D:6      | Noticed a freed slave
  3224 | D:6      | Got a smoking helmet
  3235 | D:6      | Identified the +0 helmet of Fun {rN+} (You found it on
                  | level 6 of the Dungeon)
  3236 | D:6      | Found a stormy altar of Qazlal.
  3508 | D:5      | Entered Level 5 of the Dungeon
  3525 | D:5      | Learned a level 3 spell: Vampiric Draining
  3527 | D:5      | Learned a level 1 spell: Pain
  3535 | D:5      | Reached XP level 7. HP: 34/42 MP: 7/7
  3631 | D:5      | Reached skill level 4 in Fighting
  3676 | D:5      | Reached skill level 1 in Evocations
  4449 | D:5      | Reached skill level 1 in Necromancy
  4859 | D:3      | Reached skill level 1 in Spellcasting
  4966 | D:4      | Found a transporter.
  4969 | D:4      | Noticed Ihlosi's ghost (amateur KoGl)
  5027 | D:4      | Found a transporter.
  5646 | D:6      | Noticed Grinder
  5649 | D:6      | Noticed Grinder
  5649 | D:6      | Grinder changed into Grinder the crimson imp
  5654 | D:6      | Killed Grinder the crimson imp
  5818 | D:7      | Noticed a hippogriff
  5832 | D:7      | Killed a hippogriff
  5832 | D:7      | Reached skill level 5 in Stealth
  5832 | D:7      | Reached XP level 8. HP: 48/48 MP: 10/10
  5932 | D:7      | Noticed a hornet
  5935 | D:7      | a hornet changed into a tengu
  5937 | D:7      | Reached skill level 5 in Fighting
  6127 | D:7      | Noticed Harold
  6245 | D:7      | Found Kynoquw's Weapon Boutique.
  6441 | D:7      | Found Hiwisefe's Assorted Antiques.
  7120 | D:7      | Found a staircase to the Ecumenical Temple.
  7171 | D:7      | Killed Harold
  7171 | D:7      | Reached skill level 7 in Fighting
  7171 | D:7      | Reached XP level 9. HP: 32/57 MP: 14/14
  7327 | D:8      | Noticed a two-headed ogre
  7402 | D:8      | Noticed a death yak
  7402 | D:8      | Noticed a death yak
  7727 | D:8      | Noticed a kobold demonologist
  7731 | D:8      | Reached ** piety under Kikubaaqudgha
  7744 | D:8      | Noticed a rust devil
  7745 | D:8      | Gained mutation: Your spells are a little easier to cast,
                  | but a little less powerful. [a neqoxec]
  7749 | D:8      | Killed a kobold demonologist
  7749 | D:8      | Reached skill level 8 in Fighting
  7749 | D:8      | Reached XP level 10. HP: 32/64 MP: 16/16
  7825 | D:8      | Killed a two-headed ogre
  7825 | D:8      | Reached skill level 5 in Long Blades
  7948 | D:8      | Noticed a rakshasa
  8353 | D:9      | Reached skill level 9 in Fighting
  8516 | D:9      | Found a shadowy altar of Dithmenos.
  8885 | D:9      | Reached *** piety under Kikubaaqudgha
  8885 | D:9      | Identified Kikubaaqudgha's Disquisition on Evil
                  | (Kikubaaqudgha gifted it to you on level 9 of the Dungeon)
  8885 | D:9      | Received a gift from Kikubaaqudgha
  9038 | D:10     | Entered Level 10 of the Dungeon
  9131 | D:10     | Reached XP level 11. HP: 24/71 MP: 12/17
  9644 | D:10     | Reached skill level 5 in Necromancy
  9786 | D:10     | Reached skill level 5 in Evocations
 10183 | D:11     | Reached **** piety under Kikubaaqudgha
 10205 | D:11     | Noticed Maurice
 10267 | D:11     | Noticed a green ugly thing
 10292 | D:11     | Killed a green ugly thing
 10292 | D:11     | Reached skill level 10 in Fighting
 10433 | D:11     | Killed Maurice
 10574 | D:11     | Found a staircase to the Orcish Mines.
 10613 | D:11     | Noticed a brown ugly thing
 10654 | D:11     | Killed a brown ugly thing
 11139 | D:11     | Noticed a tengu warrior
 11372 | D:11     | Found a deep blue altar of Sif Muna.
 11550 | D:8      | Killed a rakshasa
 11550 | D:8      | Reached XP level 12. HP: 29/77 MP: 19/19
 11779 | D:8      | Got a blackened helmet
 11814 | D:8      | Identified the +0 helmet "Teqonaza" {Int+2} (You found it
                  | on level 8 of the Dungeon)
 11852 | D:8      | Reached skill level 5 in Spellcasting
 12034 | D:8      | Noticed a death yak
 12056 | D:8      | Killed a death yak
 12056 | D:8      | Killed a death yak
 12059 | D:8      | Killed a death yak
 12289 | D:8      | Got a wavering steel ring
 12290 | D:8      | Got a pitted ring mail
 12292 | D:8      | Got a shimmering tin ring
 12307 | D:8      | Found a staircase to the Lair.
 12569 | D:8      | Identified the cursed +1 ring mail of the Shore {rCorr
                  | Str-3 Int+3 SInv} (You took it off an orc on level 8 of the
                  | Dungeon)
 12587 | Lair:1   | Entered Level 1 of the Lair of Beasts
 13607 | Lair:2   | Noticed Sonja
 13734 | Lair:2   | Noticed Sonja
 13734 | Lair:2   | Sonja changed into Sonja the naga
 13742 | Lair:2   | Killed Sonja the naga
 14035 | Lair:2   | Found a staircase to the Swamp.
 15182 | Lair:2   | Identified the ring of Sedwiser {rN+ Int-3 Dex+6} (You took
                  | it off an orc on level 8 of the Dungeon)
 15184 | Lair:2   | Identified the ring "Haerrof" {Wiz rElec rPois} (You took
                  | it off an orc wizard on level 8 of the Dungeon)
 15201 | Lair:3   | Noticed a death yak
 15201 | Lair:3   | Noticed a death yak
 15209 | Lair:3   | Noticed a death yak
 15298 | Lair:3   | Found a frozen archway.
 15317 | Lair:3   | Reached ***** piety under Kikubaaqudgha
 15333 | Lair:3   | Reached XP level 13. HP: 57/84 MP: 20/20
 15506 | Lair:3   | Learned a level 3 spell: Conjure Flame
 15639 | IceCv    | Entered an ice cave
 15651 | IceCv    | Reached skill level 11 in Fighting
 16282 | IceCv    | Noticed a frost giant
 16299 | IceCv    | Killed a frost giant
 16299 | IceCv    | Reached skill level 10 in Long Blades
 16491 | IceCv    | Got an ancient glaive
 16588 | IceCv    | Reached skill level 10 in Dodging
 18181 | Lair:4   | Reached XP level 14. HP: 82/90 MP: 21/21
 18289 | Lair:4   | Noticed an entropy weaver
 18963 | Lair:4   | Killed an entropy weaver
 18986 | Lair:4   | Found a staircase to the Snake Pit.
 19237 | Lair:4   | Reached ****** piety under Kikubaaqudgha
 19245 | Lair:4   | Received a gift from Kikubaaqudgha
 19256 | Lair:4   | Noticed an entropy weaver
 19273 | Lair:4   | Killed an entropy weaver
 19910 | Lair:4   | Noticed Urug
 19916 | Lair:4   | Noticed Urug
 19916 | Lair:4   | Urug changed into Urug the hippogriff
 19920 | Lair:4   | Killed Urug the hippogriff
 19954 | Lair:5   | Found a labyrinth entrance.
 19970 | Lab      | Entered a labyrinth
 20221 | Lab      | Noticed a minotaur
 20237 | Lab      | Killed a minotaur
 20249 | Lab      | Identified the Compendium of Earth
 20385 | Lair:4   | Reached skill level 5 in Armour
 20718 | Lair:6   | Entered Level 6 of the Lair of Beasts
 20889 | Lair:4   | Learned a level 5 spell: Dispel Undead
 21569 | Lair:5   | Found a staircase to the Slime Pits.
 21569 | Lair:5   | Found a viscous altar of Jiyva.
 21901 | Lair:5   | Noticed Josephine
 21960 | Lair:5   | Killed Josephine
 22024 | Lair:5   | Reached skill level 12 in Fighting
 23282 | Swamp:1  | Entered Level 1 of the Swamp
 24019 | Swamp:1  | Noticed a thorn hunter
 24063 | Swamp:2  | Reached XP level 15. HP: 69/96 MP: 9/24
 24640 | Swamp:2  | Got a pitted jade ring
 24645 | Swamp:2  | Noticed a thorn hunter
 24676 | Swamp:2  | Killed from afar by a thorn hunter

Skill      XL: |  1  2  3  4  5  6  7  8  9 10 11 12 13 14 |
---------------+-------------------------------------------+-----
Dodging        | 4 5 6 7 8 9 10 11 | 11.1
Stealth        | 1 2 3 5 6 8 9 |  9.7
Armour         | 1 2 4 5 |  5.6
Long Blades    | 3 4 6 8 9 10 11 | 11.3
Fighting       | 3 4 7 8 9 10 11 12 | 12.1
Evocations     | 2 3 4 5 6 8 9 |  9.0
Necromancy     | 1 4 5 7 8 9 |  9.7
Spellcasting   | 1 3 4 5 6 |  6.0
Throwing       | |  2.1

Action                   |  1- 3 |  4- 6 |  7- 9 | 10-12 | 13-15 || total
-------------------------+-------+-------+-------+-------+-------++-------
Melee: Long sword        |    70 |     4 |    85 |   267 |   768 ||  1194
       Short sword       |       |   115 |   187 |    63 |       ||   365
       Falchion          |       |       |       |   257 |       ||   257
       Eveningstar       |       |       |       |       |     4 ||     4
 Fire: Blowgun           |       |       |       |       |     8 ||     8
Throw: Throwing net      |       |     5 |     6 |     1 |       ||    12
 Cast: Pain              |       |       |     3 |     1 |    22 ||    26
       Vampiric Draining |       |       |       |    32 |   100 ||   132
       Dispel Undead     |       |       |       |       |    12 ||    12
Invok: Receive Necronomi |       |       |       |       |     1 ||     1
Evoke: Wand              |       |     1 |     9 |    21 |    38 ||    69
  Use: Scroll            |     2 |       |    15 |     9 |    14 ||    40
       Potion            |       |       |     5 |     5 |    21 ||    31
 Stab: Sleeping          |     3 |     1 |     8 |    15 |     5 ||    32
       Held in net/web   |       |       |     5 |     1 |       ||     6
       Distracted        |       |       |       |     2 |     5 ||     7
       Paralysed         |       |       |       |     3 |    21 ||    24
       Invisible         |       |       |       |       |     2 ||     2
  Eat: Chunk             |     9 |     3 |    13 |    33 |    41 ||    99
       Ration            |       |       |       |       |     2 ||     2
Armor: Leather armour    |    10 |       |       |       |       ||    10
       Robe              |     1 |    15 |    17 |       |       ||    33
       Skin              |       |       |    19 |       |       ||    19
       Ring mail         |       |       |    18 |   117 |   243 ||   378
Dodge: Dodged            |    51 |    69 |   191 |   520 |   974 ||  1805
       Rpst.: Long sword |    19 |     1 |    20 |   104 |   245 ||   389
       Falchion          |       |       |       |    47 |       ||    47
